 Dungeon Crawl Stone Soup version 0.23.2-40-g277498a001 (webtiles) character file.

Game seed: 3099045807149033229

6119 CitizenNev the Protected (level 10, 0/93 HPs)
             Began as a Minotaur Fighter on Aug 22, 2019.
             Was a Priest of Okawaru.
             Slain by Snorg (3 damage)
             ... on level 11 of the Dungeon.
             The game lasted 00:20:41 (7418 turns).

CitizenNev the Protected (Minotaur Fighter)         Turns: 7418, Time: 00:20:41

Health: 0/93       AC: 18    Str: 27    XL:     10   Next: 59%
Magic:  18/18      EV:  8    Int:  5    God:    Okawaru [***...]
Gold:   399        SH: 10    Dex:  9    Spells: 9/9 levels left

rFire    + . .     SeeInvis .   a - +1 long sword
rCold    . . .     Gourm    .   c - +0 shield
rNeg     . . .     Faith    .   v - +0 plate armour (curse)
rPois    .         Spirit   .   (helmet restricted)
rElec    .         Reflect  .   D - +0 cloak
rCorr    .         Harm     .   (no gloves)
MR       .....                  g - +0 pair of boots
Stlth    ..........             r - amulet of regeneration
HPRegen  0.65/turn              t - ring of magical power
MPRegen  0.16/turn              (no ring)

@: very slightly contaminated, invisible
A: retaliatory headbutt, horns 2, fire resistance 1, strong 1
a: Heroism, Renounce Religion


You were on level 11 of the Dungeon.
You worshipped Okawaru.
Okawaru was most pleased with you.
You were not hungry.

You visited 2 branches of the dungeon, and saw 11 of its levels.
You also visited: Sewer.

You collected 399 gold pieces.

Inventory:

Hand Weapons
 a - a +1 long sword (weapon)
Armour
 c - a +0 shield (worn)
 g - a +0 pair of boots (worn)
 v - a cursed +0 plate armour (worn)
 z - the cursed +1 leather armour "Hurchixu" {rC++ Str+5, unknown}
   (You found it on level 8 of the Dungeon)

   It affects your strength (+5).
   It greatly protects you from cold.
   It has a curse placed upon it.
 D - a +0 cloak (worn)
Jewellery
 r - an amulet of regeneration (around neck)
 t - a ring of magical power (left hand)
 C - an uncursed ring of magical power
Wands
 j - a wand of scattershot (10)
 w - a wand of polymorph (7)
Scrolls
 i - 4 scrolls of identify
 k - 7 scrolls of teleportation
 m - 7 scrolls of remove curse
 s - 2 scrolls of fear
 u - 2 scrolls of amnesia
 y - 2 scrolls of enchant weapon
Potions
 b - a potion of haste
 d - a potion of might
 e - 2 potions of ambrosia
 h - 2 potions of curing
 l - a potion of brilliance
 p - 2 potions of flight
 q - 2 potions of heal wounds
 x - 2 potions of lignification {unknown}
Comestibles
 f - 15 rations


   Skills:
 - Level 10.0 Fighting
 - Level 10.3 Long Blades
 - Level 11.0 Armour
 * Level 7.6 Dodging
 - Level 3.6 Shields
 + Level 0.4 Invocations


You had 9 spell levels left.
You didn't know any spells.
Your spell library was empty.

Dungeon Overview and Level Annotations

Branches:
Dungeon (11/15)            Temple (1/1) D:6
   Lair: D:8-11         Orc: D:9-12

Altars:
Ashenzari
Cheibriados
Dithmenos
Fedhas
Gozag
Hepliaklqana
Kikubaaqudgha
Makhleb
Nemelex Xobeh
Okawaru
Qazlal
Trog
Uskayaw
Vehumet
Wu Jian
Yredelemnul
The Shining One

Shops:
D:11 !

Annotations:
D:11 Snorg


Innate Abilities, Weirdness & Mutations

You reflexively headbutt those who attack you in melee.
You have a pair of horns on your head.
Your flesh is heat resistant. (rF+)
Your muscles are strong. (Str +2)


Message History

Your headbutt misses the hound.
Snorg rages.
You slash the hound!
You kill the hound!
Okawaru accepts your kill. Snorg bites you.
* * * LOW HITPOINT WARNING * * *
Snorg misses you. Snorg claws you.
* * * LOW HITPOINT WARNING * * *
The shadow imp barely misses you. You furiously retaliate!
You headbutt the shadow imp! Snorg barely misses you.
You riposte.
You slash Snorg! Your headbutt misses Snorg.
Snorg is heavily wounded.
Snorg claws you but does no damage. You block Snorg's attack.
The shadow imp gestures at you. Pain shoots through your body!
* * * LOW HITPOINT WARNING * * *
You block Snorg's attack. Snorg claws you.
You die...

..... #..........
.....# #..........
...# #..........
#.###+##..........
#.................
#.....T###.#.#####
#......# ..../.
#.T5...#...#.#..
#@.....#.$........
#......#...#.#.#..
#......#..........
#......# .# #.
########


You could see Snorg (berserk), a troll and a shadow imp.

Vanquished Creatures
  A two-headed ogre (D:8)
  Joseph (D:8)
  Maurice (D:10)
  A troll (D:10)
  2 hippogriffs (D:11)
  A meliai zombie (D:11)
  3 water moccasins
  An orc warrior (D:6)
  3 ice beasts
  2 sky beasts
  A necrophage (D:10)
  5 ogres
  4 centaurs
  2 big kobolds (Sewer)
  3 bullfrogs
  A gnoll sergeant (D:8)
  3 scorpions
  6 killer bees
  An electric eel (D:6)
  2 vampire bats (D:4)
  4 howler monkeys
  3 crimson imps
  5 jellies
  A bullfrog zombie (D:6)
  3 hounds
  7 orc wizards
  A centaur skeleton (D:4)
  Jessica (D:3)
  2 bullfrog skeletons
  2 iguanas
  6 worker ants
  A hound zombie (D:6)
  7 gnolls
  A howler monkey skeleton (D:6)
  18 adders
  4 river rats
  A shadow imp (D:7)
  4 oozes
  2 adder skeletons
  3 worms
  4 dart slugs
  3 leopard geckos
  21 orcs
  7 bats
  A bat skeleton (D:4)
  5 bat zombies (D:4)
  12 giant cockroaches
  3 goblins (D:1)
  12 hobgoblins
  A jackal (D:4)
  9 kobolds
  2 quokkas
  5 ball pythons
  7 frilled lizards
  A leopard gecko zombie (D:5)
  15 rats
228 creatures vanquished.

Vanquished Creatures (others)
  A sky beast (D:5)
1 creature vanquished.

Grand Total: 229 creatures vanquished

Notes
Turn   | Place    | Note
-------+----------+-------------------------------------------
     0 | D:1      | CitizenNev the Minotaur Fighter began the quest for the
                  | Orb.
     0 | D:1      | Reached XP level 1. HP: 19/19 MP: 0/0
    66 | D:1      | Reached XP level 2. HP: 16/26 MP: 1/1
   364 | D:1      | Reached XP level 3. HP: 31/31 MP: 2/2
   845 | D:2      | Reached skill level 5 in Long Blades
   881 | D:2      | Noticed a centaur
   885 | D:2      | Killed a centaur
   885 | D:2      | Reached XP level 4. HP: 23/39 MP: 3/3
   885 | D:2      | Reached XP level 5. HP: 26/45 MP: 4/4
   916 | D:2      | Found a snail-covered altar of Cheibriados.
  1685 | D:3      | Noticed Jessica
  1695 | D:3      | Killed Jessica
  1695 | D:3      | Reached skill level 5 in Fighting
  1883 | D:3      | Reached XP level 6. HP: 34/56 MP: 5/5
  2098 | D:3      | Found a glowing drain.
  2102 | Sewer    | Entered a sewer
  2147 | Sewer    | Reached skill level 4 in Armour
  2150 | Sewer    | Reached skill level 5 in Armour
  2345 | Sewer    | Reached XP level 7. HP: 63/63 MP: 6/6
  2767 | D:4      | Reached skill level 6 in Armour
  3141 | D:4      | Found an ancient bone altar of Kikubaaqudgha.
  3787 | D:4      | Reached XP level 8. HP: 60/70 MP: 7/7
  3846 | D:5      | Entered Level 5 of the Dungeon
  4202 | D:5      | Reached skill level 10 in Long Blades
  5036 | D:6      | Reached XP level 9. HP: 67/83 MP: 8/8
  5418 | D:6      | Reached skill level 10 in Fighting
  5440 | D:6      | Found a staircase to the Ecumenical Temple.
  5455 | Temple   | Entered the Ecumenical Temple
  5493 | Temple   | Became a worshipper of Warmaster Okawaru
  5822 | D:7      | Reached skill level 7 in Armour
  5933 | D:7      | Reached skill level 8 in Armour
  6022 | D:7      | Found a bloodstained altar of Trog.
  6272 | D:8      | Noticed Joseph
  6287 | D:8      | Killed Joseph
  6287 | D:8      | Reached * piety under Okawaru
  6287 | D:8      | Reached skill level 9 in Armour
  6437 | D:8      | Noticed a two-headed ogre
  6452 | D:8      | Killed a two-headed ogre
  6452 | D:8      | Reached ** piety under Okawaru
  6452 | D:8      | Reached skill level 11 in Armour
  6452 | D:8      | Reached XP level 10. HP: 85/93 MP: 9/9
  6473 | D:8      | Reached skill level 1 in Dodging
  6803 | D:8      | Got a faintly glowing leather armour
  6810 | D:8      | You fall through a shaft for 3 floors!
  6838 | D:11     | Reached skill level 5 in Dodging
  6940 | D:11     | Found Eptewy's Distillery.
  6946 | D:10     | Entered Level 10 of the Dungeon
  6948 | D:10     | Noticed Maurice
  6978 | D:10     | Killed Maurice
  6978 | D:10     | Reached *** piety under Okawaru
  7190 | D:10     | Gained mutation: Your flesh is heat resistant. (rF+)
                  | [potion of mutation]
  7190 | D:10     | Gained mutation: Your muscles are strong. (Str +2) [potion
                  | of mutation]
  7229 | D:10     | Noticed Snorg
  7417 | D:11     | HP: 2/93 [shadow imp/nerve-wracking pain (12)]
  7418 | D:11     | Slain by Snorg

Skill      XL: |  1  2  3  4  5  6  7  8  9 10 |
---------------+-------------------------------+-----
Long Blades    | 3 4 6 8 10 | 10.3
Fighting       | 5 6 9 10 | 10.0
Armour         | 5 6 11 | 11.0
Dodging        | 7 |  7.6
Shields        | |  3.6
Invocations    | |  0.4

Action                   |  1- 3 |  4- 6 |  7- 9 | 10-12 || total
-------------------------+-------+-------+-------+-------++-------
Melee: Long sword        |    86 |   138 |   354 |   144 ||   722
       Headbutt          |    15 |    21 |    63 |    39 ||   138
Invok: Heroism           |       |       |       |     3 ||     3
  Use: Scroll            |       |     6 |     5 |     4 ||    15
       Potion            |       |       |     8 |     3 ||    11
  Eat: Chunk             |       |     5 |     6 |     4 ||    15
       Ration            |       |       |     2 |       ||     2
Armor: Scale mail        |    44 |    55 |    27 |       ||   126
       Chain mail        |       |       |    42 |       ||    42
       Plate armour      |       |       |    99 |   152 ||   251
Dodge: Dodged            |    39 |    36 |    74 |   102 ||   251
Block: Shield            |    67 |    63 |   148 |   142 ||   420
       Rpst.: Long sword |    11 |    11 |    22 |    16 ||    60
